 Dungeon Crawl Stone Soup version 0.30-a0-799-g109b55a442 (webtiles) character file.

Game seed: 3072539281666147137

1853041 iguanaiguana the Rapturous (level 27, 174/174 HPs)
             Began as a Vine Stalker Gladiator on Feb 20, 2023.
             Was a Follower of Uskayaw.
             Escaped with the Orb
             ... and 3 runes on Feb 21, 2023!
             The game lasted 04:16:03 (55181 turns).

iguanaiguana the Rapturous (VSGl)                  Turns: 55181, Time: 04:16:04

Health: 174/174    AC: 43    Str: 15 (22) XL:     27
Magic:  39/39      EV: 17    Int: 11      God:    Uskayaw [*.....]
Gold:   1483       SH: 11    Dex: 22 (26) Spells: 26/26 levels left

rFire   + . .      SeeInvis +    a - +9 rapier (speed)
rCold   + + .      Faith    +    w - +2 buckler "Zyly" {+Inv Fly Str+3}
rNeg    . . .      Spirit   +    W - +4 gold dragon scales
rPois   +          Reflect  .    M - +2 helmet {SInv}
rElec   +          Harm     .    D - +2 cloak {Stlth+}
rCorr   +          Rampage  .    y - +2 pair of gloves of Divelo {rElec rC+ Slay+6}
Will    +++++                    B - +2 pair of boots of Hedonism {Will+ rCorr Int+3} Stlth
                                 J - amulet of faith
HPRegen 1.29/turn                Q - ring of willpower
MPRegen 0.26/turn                s - ring of the Hare {EV+10}

@: flying
A: fangs 3, regeneration 1, magic shield, antimagic bite, no potion heal 2,
iridescent scales 1, robust 1, weak 1, subdued magic 1, inability to drink after
injury 1, MP-powered wands
0: Orb of Zot
}: 3/15 runes: serpentine, barnacled, slimy
a: Renounce Religion, Evoke Invisibility, Stomp


You escaped.
You worshipped Uskayaw.
Uskayaw was greatly pleased with you.
You visited 11 branches of the dungeon, and saw 52 of its levels.
You also visited: Sewer, Gauntlet and Ice Cave.

You collected 5823 gold pieces.
You spent 4340 gold pieces at shops.

Inventory:

Hand Weapons
 a - a +9 rapier of speed (weapon)
Missiles
 d - 12 throwing nets
 e - 14 javelins
 x - 3 curare-tipped darts
 L - 14 boomerangs of dispersal
 P - 3 silver javelins
 T - 24 boomerangs (quivered)
Armour
 w - the +2 buckler "Zyly" (worn) {+Inv Fly Str+3}
   (You found it on level 5 of the Lair of Beasts)

   Str:       It affects your strength (+3).
   +Inv:      It lets you turn invisible.
   Fly:       It grants you flight.
 y - the +2 pair of gloves of Divelo (worn) {rElec rC+ Slay+6}
   (You found it on level 4 of the Shoals)

   Slay:      It affects your accuracy & damage with ranged weapons and melee
   (+6).
   rC:        It protects you from cold.
   rElec:     It insulates you from electricity.
 B - the +2 pair of boots of Hedonism (worn) {Will+ rCorr Int+3}
   (You found it on level 5 of the Pits of Slime)

   Int:       It affects your intelligence (+3).
   rCorr:     It protects you from acid and corrosion.
   Will:      It increases your willpower.
 C - a +0 kite shield of reflection
 D - a +2 cloak of stealth (worn)
 M - a +2 helmet of see invisible (worn)
 W - +4 gold dragon scales (worn)
Jewellery
 h - a ring of resist corrosion
 i - a +4 ring of slaying
 q - a ring of fire
 s - the ring of the Hare (right hand) {EV+10}
   (You found it in a Gauntlet)

   [ring of evasion]

   EV:        It affects your evasion (+10).
 J - an amulet of faith (around neck)
 Q - a ring of willpower (left hand)
 U - the ring "Zeack" {rN+ Int+5}
   (You took it off a deep elf demonologist on level 3 of the Elven Halls)

   [ring of positive energy]

   Int:       It affects your intelligence (+5).
   rN:        It protects you from negative energy.
Wands
 c - a wand of quicksilver (36)
 k - a wand of paralysis (77)
 O - a wand of roots (33)
 V - a wand of digging (2) {@v3}
Scrolls
 b - 5 scrolls of silence
 g - 7 scrolls of torment
 j - 12 scrolls of vulnerability
 o - 22 scrolls of teleportation {@r3}
 v - 10 scrolls of fear
 G - 9 scrolls of blinking {@r4}
 H - 7 scrolls of poison
 I - 9 scrolls of magic mapping {@r5}
 N - 5 scrolls of immolation
 Y - 4 scrolls of fog
Potions
 l - a potion of mutation
 m - 13 potions of flight
 n - 29 potions of curing {@q1}
 p - 8 potions of cancellation
 r - 2 potions of might {@q3}
 t - 7 potions of ambrosia
 u - 4 potions of invisibility
 z - 8 potions of berserk rage
 F - 8 potions of lignification
 R - 8 potions of haste {@q4}
 S - 6 potions of magic
 Z - 4 potions of resistance {@q5}
Miscellaneous
 f - a box of beasts
 A - a condenser vane
 E - a phial of floods
 K - a phantom mirror
 X - a tin of tremorstones (2/2)


   Skills:
 - Level 21.0 Fighting
 - Level 16.0 Short Blades
 - Level 12.0 Throwing
 + Level 18.0 Armour
 - Level 10.1 Dodging
 - Level 10.0 Stealth
 - Level 14.4 Shields
 - Level 23.8 Invocations
 - Level 13.2 Evocations


You had 26 spell levels left.
You didn't know any spells.
Your spell library contained the following spells:

 Spells                   Type           Power      Damage    Failure   Level
 Apportation              Tloc           0%         N/A       100%        1
 Foxfire                  Conj/Fire      0%         2x1d4     100%        1
 Freeze                   Ice            0%         1d3       100%        1
 Kiss of Death            Conj/Necr      0%         2d5       100%        1
 Necrotise                Necr           0%         1d4       100%        1
 Sandblast                Erth           0%         2d4       100%        1
 Shock                    Conj/Air       0%         1d3       100%        1
 Sting                    Tmut/Pois      0%         1d3       100%        1
 Summon Small Mammal      Summ           0%         N/A       100%        1
 Blink                    Tloc           0%         N/A       100%        2
 Ensorcelled Hibernation  Hex/Ice        0%         N/A       100%        2
 Passwall                 Tmut/Erth      0%         N/A       100%        2
 Poisonous Vapours        Pois/Air       0%         N/A       100%        2
 Scorch                   Fire           0%         2d5       100%        2
 Call Canine Familiar     Summ           0%         N/A       100%        3
 Confusing Touch          Hex            0%         N/A       100%        3
 Dazzling Flash           Conj/Hex       0%         N/A       100%        3
 Frozen Ramparts          Ice            0%         1d1       100%        3
 Hailstorm                Conj/Ice       0%         3d3       100%        3
 Ignite Poison            Fire/Tmut/Pois 0%         N/A       100%        3
 Kindle Blastsparks       Fire/Tloc/Air  0%         2d10      100%        3
 Stone Arrow              Conj/Erth      0%         3d7       100%        3
 Summon Guardian Golem    Hex/Summ       0%         N/A       100%        3
 Swiftness                Air            0%         N/A       100%        3
 Tukima's Dance           Hex            0%         N/A       100%        3
 Airstrike                Air            0%         2d(0-16)  100%        4
 Animate Armour           Summ/Erth      0%         N/A       100%        4
 Animate Dead             Necr           0%         N/A       100%        4
 Dispel Undead            Necr           0%         3d6       100%        4
 Flame Wave               Conj/Fire      0%         2d4       100%        4
 Fulminant Prism          Conj/Hex       0%         3d5       100%        4
 Ice Form                 Ice/Tmut       0%         N/A       100%        4
 Iskenderun's Mystic Bla  Conj/Tloc      0%         2d3       100%        4
 Leda's Liquefaction      Hex/Erth       0%         N/A       100%        4
 Manifold Assault         Tloc           0%         N/A       100%        4
 Olgreb's Toxic Radiance  Pois           0%         N/A       100%        4
 Passage of Golubria      Tloc           0%         N/A       100%        4
 Summon Ice Beast         Ice/Summ       0%         N/A       100%        4
 Borgnjor's Vile Clutch   Necr/Erth      0%         N/A       100%        5
 Freezing Cloud           Conj/Ice/Air   0%         6-21      100%        5
 Lee's Rapid Deconstruct  Erth           0%         3d4*      100%        5
 Silence                  Hex/Air        0%         N/A       100%        5
 Summon Forest            Summ/Tloc      0%         N/A       100%        5
 Summon Mana Viper        Hex/Summ       0%         N/A       100%        5
 Yara's Violent Unravell  Hex/Tmut       0%         3d3       100%        5
 Conjure Ball Lightning   Conj/Air       0%         3x3d6     100%        6
 Death Channel            Necr           0%         N/A       100%        6
 Eringya's Noxious Bog    Tmut/Pois      0%         N/A       100%        6
 Simulacrum               Ice/Necr       0%         N/A       100%        6
 Starburst                Conj/Fire      0%         6d3       100%        6
 Statue Form              Tmut/Erth      0%         N/A       100%        6
 Summon Cactus Giant      Summ           0%         N/A       100%        6
 Malign Gateway           Summ/Tloc      0%         N/A       100%        7
 Orb of Destruction       Conj           0%         9d5       100%        7
 Ozocubu's Refrigeration  Ice            0%         4d7       100%        7
 Spellforged Servitor     Conj/Summ      0%         N/A       100%        7
 Storm Form               Tmut/Air       0%         N/A       100%        7
 Summon Hydra             Summ           0%         N/A       100%        7
 Discord                  Hex            0%         N/A       100%        8
 Disjunction              Tloc           0%         N/A       100%        8
 Lehudib's Crystal Spear  Conj/Erth      0%         10d2      100%        8
 Summon Horrible Things   Summ           0%         N/A       100%        8
 Chain Lightning          Conj/Air       0%         N/A       100%        9
 Fire Storm               Conj/Fire      0%         5d1       100%        9
 Shatter                  Erth           0%         3d5*      100%        9


Dungeon Overview and Level Annotations

Branches:
Dungeon (15/15)            Temple (1/1) D:4            Lair (5/5) D:9
 Shoals (4/4) Lair:2        Snake (4/4) Lair:3        Slime (5/5) Lair:4
    Orc (2/2) D:10            Elf (3/3) Orc:2        Vaults (4/5) D:13
  Crypt (0/3) Vaults:2     Depths (4/4) D:15            Zot (5/5) Depths:4
  Sewer (visited)           IceCv (visited)         Gauntlet (visited)

Altars:
Ashenzari
Cheibriados
Dithmenos
Elyvilon
Fedhas
Gozag
Hepliaklqana
Kikubaaqudgha
Makhleb
Nemelex Xobeh
Okawaru
Qazlal
Ru
Sif Muna
Trog
Uskayaw
Vehumet
Wu Jian
Xom
Yredelemnul
Zin
The Shining One
Jiyva

Shops:
D:8 **   D:10 :(   D:11 (   Orc:1 (   Orc:2 [=[!=   Elf:1 (   Elf:2 [*?
Shoals:2 :   Snake:4 :=:   Depths:2 *

Portals:
Hell: Depths:1 Depths:2 Depths:3 Depths:4
Abyss: Depths:1 Depths:2 Depths:3
Pandemonium: Depths:2 Depths:3
Ziggurat: Depths:1
Trove: Vaults:1 (give horn of Geryon)

Annotations:
D:5 exclusion: downstairs
Shoals:2 exclusion: oklob plant
Snake:1 exclusion: downstairs
Depths:1 exclusion: 2 hell knights
Depths:3 8 runed translucent doors
Zot:1 36 runed doors, exclusion: 36 doors
Zot:5 1 exclusion


Innate Abilities, Weirdness & Mutations

You have razor-sharp teeth.
Your natural rate of healing is unusually fast.
When hurt, damage is shared between your health and your magic reserves.
Your bite disrupts and absorbs the magic of your enemies.
Potions cannot restore your health.
You are partially covered in iridescent scales. (AC +2)
You are robust. (+10% HP)
You are weak. (Str -2)
Your spells are a little easier to cast, but a little less powerful.
You occasionally lose the ability to drink potions when taking damage.
You expend magic power (3 MP) to strengthen your wands.


Message History

The Brimstone Fiend roars!
The Brimstone Fiend gestures at you.
The sphere of damnation explodes!
The damnation engulfs you!
As you read the scroll of fog, it crumbles to dust.
The scroll dissolves into smoke.
You see here a +0 ring mail.
The Brimstone Fiend calls on the powers of darkness!
Your body is wracked with pain!
Blink to where?
Press: ? - help, Dir - move target
As you read the scroll of blinking {@r4}, it crumbles to dust.
You see here a +0 halberd.
Aiming: Dig
Press: ? - help, Shift-Dir - straight line A rock wall.
This square is covered in magical glow.
You feel a surge of power!
The rock shatters into small pieces.
There is a stone staircase leading up here.
You fly upwards.
There is a stone staircase leading down here.
There is a stone staircase leading up here.
You fly upwards.
Level annotation: exclusion: downstairs
There is a stone staircase leading down here.
There is a stone staircase leading up here.
You fly upwards.
There is a stone staircase leading down here.
There is a stone staircase leading up here.
You fly upwards.
There is a stone staircase leading down here.
HP restored.
There is a stone staircase leading up here.
You fly upwards.
There is a stone staircase leading down here.
Magic restored.
There is an escape hatch in the ceiling here.
A mysterious force pulls you upwards.
The hatch slams shut behind you. 4 stones; a +0 dagger
There is a staircase leading out of the dungeon here.
You have escaped!

#.######...........###.#######
#.#......#######(#..##.#
#.#.##..##....(..##..#.#
#.#.#..##.#######.##...#######
#.....##.##.....'#.##.........
####..#.##.#####.##.#..#.#####
#######..#.#.##...##.#.#..#.#####
#........#.#.#.'##.#.#.#.........
.........#.###.#@#.#.###.##.#####
#.######.#.#.#.###...#.#.###.## #
#.# #.#.#.##.#.##.#.#.# ##.# #
#.# #.#.##.#####.##.#.# #.# # #.#
##.##.##.....##.##.# ##.### #.#
#...'#.#######.##..###.#... #.#
##.#..##...)...##..###.##.##
#.####..##..#########......###.##
#......####.............#.####.##


There were no monsters in sight!

Vanquished Creatures
  the Royal Jelly (Slime:5)
  Dissolution (Slime:4)
  A dread lich (Zot:5)
  2 ancient liches
  3 orbs of fire
  Boris (Vaults:4)
  Sojobo (Vaults:2)
  Vashnia (Snake:4)
  9 Killer Klowns
  5 curse toes
  10 golden dragons
  An electric golem (Zot:5)
  A lich (Depths:2)
  13 tentacled monstrosities
  A walking frostbound tome (Depths:3)
  27 Orb Guardians
  A walking earthen tome (Depths:1)
  2 deep elf master archers (Elf:3)
  Gastronok (Lair:1)
  3 deep elf blademasters
  20 acid blobs
  8 quicksilver dragons
  A kraken (Shoals:2)
  Agnes (Elf:1)
  7 death cobs
  5 sphinxes
  Donald (Snake:4)
  8 storm dragons
  5 draconian monks
  5 nagarajas (Snake:4)
  8 shadow dragons
  4 rockslimes
  9 azure jellies
  6 draconian knights
  14 frost giants
  4 draconian scorchers
  7 fire giants
  Aizul (Snake:4)
  5 deep elf sorcerers
  6 ghost moths
  6 draconian shifters
  2 spriggan defenders
  13 vault wardens
  11 stone giants
  3 draconian annihilators
  6 deep elf elementalists (Elf:3)
  5 draconian stormcallers
  16 ironbound preservers
  7 ironbound thunderhulks
  5 orc warlords
  17 very ugly things
  The ghost of holysushi the Spry, a journeyman DsMo of Wu Jian (D:10)
  4 green draconians
  7 quicksilver oozes
  3 vampire knights
  8 purple draconians
  4 deep elf demonologists
  8 deep elf annihilators (Elf:3)
  13 yellow draconians
  7 white draconians
  6 black draconians
  10 red draconians
  14 dire elephants
  A minotaur (Gauntlet)
  5 spark wasps
  7 merfolk javelineers
  4 yaktaur captains
  12 ettins
  4 crystal guardians
  Josephine (D:13)
  7 merfolk impalers
  7 deep elf high priests
  5 deep elf death magi
  The ghost of tarna41 the Fighter, a journeyman MiBe of Trog (D:11)
  8 rakshasas
  An entropy weaver (Vaults:1)
  9 fire dragons
  A jiangshi (Vaults:2)
  9 great orbs of eyes
  10 vault guards
  7 hydras
  Fannar (D:10)
  4 salamander tyrants (Snake:4)
  6 ice dragons
  4 ogre magi (Orc:2)
  2 peacekeepers
  10 ironbound frosthearts
  14 centaur warriors
  4 alligator snapping turtles
  3 spriggan air magi
  3 satyrs
  11 anacondas
  6 two-headed ogres
  2 merfolk avatars
  9 merfolk aquamancers
  24 dancing weapons
  2 death scarabs (Gauntlet)
  4 boulder beetles
  6 deep troll shamans
  17 naga warriors
  The ghost of kingofthe the Nimble, a journeyman DECj of Sif Muna (D:11)
  8 tengu warriors
  5 deep troll earth magi
  6 shock serpents
  15 death yaks
  4 hell knights (Depths:2)
  An orc high priest (Orc:2)
  13 naga sharpshooters
  4 spriggans
  3 spriggan berserkers
  A sun demon (Depths:1)
  2 skysharks
  19 deep elf knights
  4 iron trolls
  5 soul eaters
  4 skeletal warriors (D:13)
  2 spectral death yaks
  4 glowing orange brains
  A spectral anaconda (Lair:5)
  A glowing orange brain (shapeshifter) (Vaults:1)
  58 deep trolls
  10 sea snakes
  5 naga ritualists
  An obsidian statue (Lair:5)
  6 wizards
  A spriggan simulacrum (Depths:1)
  16 harpies
  10 deep elf archers
  11 lindwurms
  A flayed ghost (Depths:4)
  2 phantasmal warriors
  17 ironbound convokers
  49 ugly things
  32 deep elf pyromancers
  6 necromancers
  12 orc knights
  22 fauns
  30 deep elf zephyrmancers
  10 orc sorcerers
  6 mana vipers
  11 manticores
  6 shining eyes
  8 cyclopes
  15 salamanders
  13 elephants (Lair:5)
  A tengu skeleton (Depths:1)
  A dire elephant zombie (Lair:5)
  27 moths of wrath
  A worldbinder (Gauntlet)
  An eye of devastation (Slime:5)
  A fire giant skeleton (Depths:1)
  An ice statue (IceCv)
  16 naga magi
  35 black mambas
  5 merfolk sirens
  4 smoke demons (Depths:1)
  5 guardian serpents
  5 gargoyles
  A rust devil (Depths:2)
  11 water nymphs
  Maggie (D:10)
  16 vault sentinels
  A torpor snail (Lair:4)
  9 cane toads
  Psyche (D:11)
  3 unseen horrors (Depths:3)
  2 ice devils (Lair:2)
  2 komodo dragons (shapeshifter)
  19 yaktaurs
  8 rime drakes
  8 komodo dragons
  2 kobold demonologists
  2 tengu conjurers
  14 trolls
  5 polar bears
  10 wind drakes
  4 hornets
  34 merfolk
  9 snapping turtles
  A sphinx simulacrum (Depths:1)
  A spectral elephant (Lair:5)
  3 dream sheep (Shoals:3)
  79 slime creatures
  A jumping spider (Vaults:1)
  A flying skull (Vaults:2)
  5 shadows
  22 water elementals
  36 yaks
  5 wyverns
  A dire elephant simulacrum (Lair:5)
  5 air elementals (Shoals:4)
  A vampire (D:12)
  7 wraiths
  Grum (D:9)
  A human (shapeshifter) (D:13)
  A death yak simulacrum (Lair:5)
  A spectral komodo dragon (Gauntlet)
  A chaos spawn (Depths:3)
  2 fire elementals
  2 basilisks
  10 golden eyes
  6 vampire mosquitoes
  3 steam dragons
  Menkaure (D:5)
  3 large abominations (Depths:3)
  25 water moccasins
  2 acid dragons
  54 nagas
  5 wargs
  A glowing shapeshifter skeleton (Depths:1)
  4 floating eyes
  A hell hound (Zot:1)
  21 orc warriors
  A swamp drake (Lair:2)
  2 elephant zombies (Lair:5)
  An ice beast (D:8)
  8 ogres
  32 wolves
  A black bear (D:5)
  3 elephant skeletons (Lair:5)
  9 centaurs
  5 boggarts
  3 kobold brigands
  9 bullfrogs
  3 earth elementals
  2 gnoll sergeants
  2 necrophages
  3 cane toad simulacra (Lair:5)
  2 scorpions
  4 wights (D:9)
  8 small abominations (Depths:3)
  2 elephant simulacra (Lair:5)
  10 howler monkeys
  12 orc priests
  3 hounds
  4 gnoll boudas
  6 jellies
  Ijyb (D:5)
  5 iguanas
  37 orc wizards
  5 hell rats (Lair:1)
  22 gnolls
  25 adders
  4 river rats (Sewer)
  2 shadow imps
  A white imp (Gauntlet)
  4 worms
  3 dart slugs
  66 orcs
  10 endoplasms
  10 giant cockroaches
  7 goblins
  8 hobgoblins
  8 jackals
  5 quokkas
  18 ball pythons
  15 bats
  7 frilled lizards
  11 kobolds
  4 rats
  3 tentacles (Shoals:2)
2072 creatures vanquished.

Vanquished Creatures (collateral kills)
  A Killer Klown (Zot:5)
  2 deep elf master archers (Elf:3)
  A death cob (Zot:5)
  A frost giant (IceCv)
  A deep elf sorcerer (Elf:3)
  A deep elf annihilator (Elf:3)
  A deep elf death mage (Elf:3)
  A naga sharpshooter (Snake:4)
  A polar bear (IceCv)
  A slime creature (Slime:2)
  A yak (IceCv)
  A wolf (IceCv)
13 creatures vanquished.

Vanquished Creatures (others)
  A dancing weapon (Elf:2)
  A deep elf knight (Elf:2)
  A merfolk (Shoals:2)
  A water moccasin (D:8)
  28 fungi
  66 plants
  12 tentacles (Shoals:2)
  34 withered plants (Lair:5)
144 creatures vanquished.

Grand Total: 2229 creatures vanquished

Notes
Turn   | Place    | Note
-------+----------+-------------------------------------------
     0 | D:1      | iguanaiguana the Vine Stalker Gladiator began the quest for
                  | the Orb.
     0 | D:1      | Reached XP level 1. HP: 11/11 MP: 2/2
    65 | D:1      | Reached skill level 1 in Stealth
   172 | D:1      | Reached XP level 2. HP: 15/15 MP: 3/3
   296 | D:1      | Noticed a shining eye
   324 | D:1      | Found a faded altar of an unknown god.
   326 | D:1      | Noticed a floating eye
   332 | D:1      | Noticed a great orb of eyes
   332 | D:1      | Noticed a floating eye
   366 | D:1      | Reached XP level 3. HP: 17/18 MP: 2/4
  1321 | D:2      | Gained mutation: Your natural rate of healing is unusually
                  | fast. [Vine Stalker growth]
  1321 | D:2      | Reached XP level 4. HP: 23/23 MP: 5/5
  2218 | D:4      | Reached XP level 5. HP: 23/26 MP: 4/6
  2397 | D:4      | Reached skill level 5 in Short Blades
  2397 | D:4      | Reached XP level 6. HP: 29/30 MP: 5/7
  2452 | D:4      | Found a staircase to the Ecumenical Temple.
  2475 | Temple   | Entered the Ecumenical Temple
  2646 | Temple   | Became a worshipper of Uskayaw the Reveller
  2679 | D:4      | Reached * piety under Uskayaw
  2680 | D:4      | Reached ** piety under Uskayaw
  2741 | D:4      | Identified the +11 short sword of Xeidunn {speed, rElec rC+
                  | Str-3 Stlth+}
  3025 | D:5      | Entered Level 5 of the Dungeon
  3025 | D:5      | Found an iron altar of Okawaru.
  3037 | D:5      | Noticed Ijyb
  3103 | D:5      | Reached *** piety under Uskayaw
  3182 | D:5      | Noticed Menkaure
  3182 | D:5      | Noticed a black bear
  3334 | D:5      | Found a glowing drain.
  3346 | D:5      | Reached XP level 7. HP: 34/34 MP: 8/8
  3355 | Sewer    | Entered a sewer
  4458 | D:6      | Noticed a brown ugly thing
  4552 | D:6      | Reached **** piety under Uskayaw
  4832 | D:6      | Gained mutation: You have razor-sharp teeth. [Vine Stalker
                  | growth]
  4832 | D:6      | Reached XP level 8. HP: 38/38 MP: 9/9
  4906 | D:6      | Killed a brown ugly thing
  5250 | D:7      | Reached skill level 10 in Short Blades
  5472 | D:6      | Reached XP level 9. HP: 43/43 MP: 10/10
  6276 | D:8      | Noticed a troll
  6299 | D:8      | Killed a troll
  6300 | D:8      | Reached skill level 5 in Fighting
  6524 | D:8      | Found Dossyu's Specific Store.
  6526 | D:8      | Found Torraf's General Store.
  6559 | D:8      | Reached ***** piety under Uskayaw
  6597 | D:8      | Bought a scroll of teleportation for 39 gold pieces
  6597 | D:8      | Bought a ring of willpower for 325 gold pieces
  6754 | D:8      | Reached XP level 10. HP: 39/56 MP: 8/11
  6909 | D:8      | Found an ornate altar of the Wu Jian Council.
  6997 | D:9      | Noticed Grum
  7013 | D:9      | Killed Grum
  7068 | D:9      | Found a staircase to the Lair.
  7391 | D:9      | Identified the +4 robe of the Past {rC+ Str+4}
  7495 | D:9      | Reached skill level 5 in Dodging
  7601 | D:9      | Noticed a two-headed ogre
  7604 | D:9      | Killed a two-headed ogre
  7605 | D:9      | Reached skill level 5 in Stealth
  7971 | D:10     | Entered Level 10 of the Dungeon
  8041 | D:10     | Noticed a gargoyle
  8048 | D:10     | Found Pajefowubo's Book Shop.
  8189 | D:10     | Noticed Maggie
  8201 | D:10     | Killed Maggie
  8202 | D:10     | Reached XP level 11. HP: 55/60 MP: 10/12
  8374 | D:10     | Noticed Fannar
  8399 | D:10     | Killed Fannar
  8400 | D:10     | Reached skill level 10 in Stealth
  8400 | D:10     | Reached skill level 1 in Invocations
  8432 | D:10     | Found a staircase to the Orcish Mines.
  8434 | D:10     | Reached skill level 2 in Invocations
  8441 | D:10     | Found Giseaz's Weapon Emporium.
  8535 | D:10     | Found a burning altar of Makhleb.
  8536 | D:10     | Found a bloodstained altar of Trog.
  8707 | D:11     | Reached skill level 3 in Invocations
  8718 | D:11     | Reached skill level 4 in Invocations
  8738 | D:11     | Noticed a two-headed ogre
  8753 | D:11     | Reached ****** piety under Uskayaw
  8755 | D:11     | Killed a two-headed ogre
  8756 | D:11     | Reached skill level 5 in Invocations
  8807 | D:11     | Noticed a cyclops
  8831 | D:11     | Killed a cyclops
  8832 | D:11     | Reached skill level 6 in Invocations
  8837 | D:11     | Noticed Psyche
  8846 | D:11     | Killed Psyche
  8877 | D:11     | Found Fistorol's Antique Weapon Boutique.
  9030 | D:11     | Noticed a two-headed ogre
  9032 | D:11     | Killed a two-headed ogre
  9033 | D:11     | Reached skill level 7 in Invocations
  9044 | D:11     | Noticed a two-headed ogre
  9056 | D:11     | Killed a two-headed ogre
  9057 | D:11     | Reached skill level 8 in Invocations
  9091 | D:11     | Paralysed by a floating eye for 4 turns
  9094 | D:11     | Noticed a cyclops
  9096 | D:11     | Reached skill level 9 in Invocations
  9111 | D:11     | Reached XP level 12. HP: 44/64 MP: 19/19
  9185 | D:11     | Found a runed translucent gate.
  9185 | D:11     | Found a runed translucent gate.
  9186 | D:11     | Found a runed translucent gate.
  9187 | D:11     | Noticed kingofthe's ghost (journeyman DECj)
  9188 | D:11     | Noticed holysushi's ghost (journeyman DsMo)
  9303 | D:11     | Reached skill level 10 in Invocations
  9310 | D:11     | Reached skill level 1 in Evocations
  9567 | D:11     | Noticed tarna41's ghost (journeyman MiBe)
  9639 | Lair:1   | Entered Level 1 of the Lair of Beasts
  9948 | Lair:1   | Noticed Gastronok
 10158 | Lair:2   | Found a frozen archway.
 10188 | IceCv    | Entered an ice cave
 10193 | IceCv    | Reached skill level 5 in Evocations
 10203 | IceCv    | Noticed a death yak
 10204 | IceCv    | Noticed a death yak
 10236 | IceCv    | Killed a death yak
 10239 | IceCv    | Killed a death yak
 10303 | IceCv    | Noticed a death yak
 10311 | IceCv    | Killed a death yak
 10429 | IceCv    | Reached skill level 5 in Throwing
 10509 | IceCv    | Noticed a death yak
 10509 | IceCv    | Noticed a death yak
 10523 | IceCv    | Killed a death yak
 10524 | IceCv    | Reached XP level 13. HP: 68/68 MP: 21/21
 10564 | IceCv    | Noticed a frost giant
 10583 | IceCv    | Killed a frost giant
 10584 | IceCv    | Reached skill level 11 in Invocations
 10783 | Lair:2   | Found a staircase to the Shoals.
 10910 | Lair:2   | Reached skill level 12 in Invocations
 11253 | Lair:2   | You fall into a shaft and drop 2 floors!
 11329 | Lair:4   | Reached skill level 14 in Invocations
 11329 | Lair:4   | Reached XP level 14. HP: 73/73 MP: 23/25
 11589 | Lair:4   | Found a staircase to the Slime Pits.
 12207 | Lair:5   | Entered Level 5 of the Lair of Beasts
 12238 | Lair:5   | Reached skill level 15 in Invocations
 12707 | Lair:5   | Noticed a dire elephant
 12707 | Lair:5   | Noticed a dire elephant
 12707 | Lair:5   | Noticed a dire elephant
 12708 | Lair:5   | Noticed a dire elephant
 12708 | Lair:5   | Noticed a dire elephant
 12733 | Lair:5   | Killed a dire elephant
 12734 | Lair:5   | Reached XP level 15. HP: 72/78 MP: 25/27
 13546 | Lair:5   | Reached skill level 5 in Shields
 13569 | Lair:5   | Identified the +2 buckler "Zyly" {+Inv Fly Str+3}
 13807 | Lair:1   | Killed Gastronok
 14691 | D:12     | Found a glowing silver altar of Zin.
 15358 | D:13     | Reached skill level 10 in Fighting
 15395 | D:13     | Found a gate to the Vaults.
 15449 | D:13     | Noticed Josephine
 15694 | D:13     | Killed Josephine
 15932 | Orc:1    | Entered Level 1 of the Orcish Mines
 16127 | Orc:1    | Found Veutadaown's Antique Weapon Shop.
 16312 | Orc:2    | Entered Level 2 of the Orcish Mines
 16414 | Orc:2    | Found a staircase to the Elven Halls.
 16466 | Orc:2    | Noticed an orc warlord
 16475 | Orc:2    | Killed an orc warlord
 16476 | Orc:2    | Reached XP level 16. HP: 45/86 MP: 23/28
 16636 | Orc:2    | Found Feufafoc's Armour Boutique.
 16689 | Orc:2    | Bought a +1 cloak of stealth for 297 gold pieces
 16822 | Orc:2    | Found Dinabicw's Antique Armour Shop.
 16836 | Orc:2    | Found a radiant altar of Vehumet.
 16857 | Orc:2    | Found Sugri's Distillery.
 16874 | Orc:2    | Found an ancient bone altar of Kikubaaqudgha.
 16913 | Orc:2    | Found Vughey's Jewellery Boutique.
 16989 | Orc:2    | Bought a +4 ring of slaying for 1014 gold pieces
 16991 | Orc:2    | Bought an amulet of regeneration for 390 gold pieces
 17042 | Orc:2    | Found Siulym's Jewellery Boutique.
 17148 | Orc:2    | Found a runed translucent door.
 18775 | D:15     | Entered Level 15 of the Dungeon
 18795 | D:15     | Found a gate leading to a gauntlet.
 18813 | Gauntlet | Entered a Gauntlet
 18813 | Gauntlet | Found a transporter.
 18822 | Gauntlet | Found a transporter.
 18823 | Gauntlet | Found a transporter.
 18837 | Gauntlet | Found a transporter.
 18845 | Gauntlet | Found a transporter.
 18866 | Gauntlet | Found a transporter.
 18878 | Gauntlet | Found a transporter.
 18885 | Gauntlet | Found a runed translucent gate.
 18885 | Gauntlet | Found a runed translucent gate.
 18885 | Gauntlet | Found a runed translucent gate.
 18889 | Gauntlet | Found a transporter.
 18890 | Gauntlet | Found a runed translucent door.
 18904 | Gauntlet | Found a runed translucent door.
 18908 | Gauntlet | Found a transporter.
 18922 | Gauntlet | Found a transporter.
 18922 | Gauntlet | Found a transporter.
 18970 | Gauntlet | Found a transporter.
 18985 | Gauntlet | Found a transporter.
 19022 | Gauntlet | Found a transporter.
 19072 | Gauntlet | Reached skill level 10 in Dodging
 19167 | Gauntlet | Found the ring of the Hare {EV+10}
 19653 | Lair:5   | Reached skill level 1 in Armour
 20715 | D:15     | Found a staircase to the Depths.
 20923 | D:10     | Killed holysushi's ghost
 20960 | D:11     | Killed tarna41's ghost
 20973 | D:11     | Killed kingofthe's ghost
 21168 | Orc:2    | Bought an amulet of faith for 600 gold pieces
 21799 | Lair:3   | Reached skill level 5 in Armour
 21998 | Lair:3   | Found a staircase to the Snake Pit.
 22597 | Orc:2    | Bought a ring of poison resistance for 260 gold pieces
 22746 | Snake:1  | Entered Level 1 of the Snake Pit
 23259 | Snake:1  | Reached XP level 17. HP: 82/93 MP: 27/29
 24225 | Snake:2  | You are sucked into a shaft and drop 1 floor!
 24828 | Snake:3  | Reached skill level 10 in Armour
 25299 | Snake:4  | Entered Level 4 of the Snake Pit
 25386 | Snake:4  | Noticed Vashnia
 25481 | Snake:4  | Found a shadowy altar of Dithmenos.
 26207 | Snake:4  | Noticed Aizul
 26235 | Snake:4  | Killed Aizul
 26247 | Snake:4  | Reached XP level 18. HP: 95/98 MP: 30/30
 26467 | Snake:4  | Killed Vashnia
 26625 | Snake:4  | Found Osaerr's Book Shop.
 26625 | Snake:4  | Found Vecageza's Jewellery Shoppe.
 26626 | Snake:4  | Found Capops's Book Shop.
 26697 | Snake:4  | Noticed Donald
 26732 | Snake:4  | Killed Donald
 27173 | Snake:4  | Got a serpentine rune of Zot
 27354 | Shoals:1 | Entered Level 1 of the Shoals
 28002 | Shoals:1 | Identified the ring "Ruycum" {rElec MP+9}
 28190 | Elf:1    | Entered Level 1 of the Elven Halls
 28282 | Elf:1    | Noticed Agnes
 28285 | Elf:1    | Killed Agnes
 28374 | Elf:1    | Reached skill level 16 in Invocations
 28800 | Elf:1    | Found Teapt's Weapon Emporium.
 28827 | Elf:1    | Identified the +1 spear "Rogrob" {venom, Int+4}
 29035 | Elf:2    | Found Noit's General Store.
 29046 | Elf:2    | Bought a scroll of enchant armour for 135 gold pieces
 29171 | Elf:2    | Reached XP level 19. HP: 61/106 MP: 25/32
 29178 | Elf:2    | Reached skill level 17 in Invocations
 29323 | Elf:2    | Found a runed translucent gate.
 29324 | Elf:2    | Found a runed translucent gate.
 29324 | Elf:2    | Found a runed translucent gate.
 29640 | Elf:2    | Found The Oracle's Delphic Readings.
 29687 | Elf:2    | Found Sistro Xuesi's Antique Armour Shoppe.
 29852 | Elf:2    | Reached skill level 18 in Invocations
 30262 | Elf:2    | Reached skill level 19 in Invocations
 30889 | Shoals:2 | Found a glowing silver altar of Zin.
 30974 | Shoals:2 | Found Qokuges's Book Boutique.
 32081 | Shoals:3 | Reached skill level 20 in Invocations
 32756 | Shoals:4 | Entered Level 4 of the Shoals
 32856 | Shoals:4 | Reached XP level 20. HP: 101/111 MP: 35/35
 33096 | Shoals:4 | Got a barnacled rune of Zot
 33326 | Shoals:4 | Identified the +2 pair of gloves of Divelo {rElec rC+
                  | Slay+6}
 33355 | Shoals:4 | Found a stormy altar of Qazlal.
 33628 | Shoals:4 | Reached skill level 10 in Throwing
 34152 | Depths:1 | Entered Level 1 of the Depths
 34167 | Depths:1 | Found a one-way gate to the infinite horrors of the Abyss.
 34366 | Depths:1 | Found a one-way gateway to a ziggurat.
 34872 | Depths:1 | Found a gateway to Hell.
 34905 | Depths:1 | Noticed a golden dragon
 34925 | Depths:1 | Killed a golden dragon
 34926 | Depths:1 | Reached XP level 21. HP: 89/115 MP: 28/36
 35650 | Vaults:1 | Entered Level 1 of the Vaults
 35810 | Vaults:1 | You are sucked into a shaft and drop 1 floor!
 36808 | Vaults:2 | Found a staircase to the Crypt.
 36941 | Vaults:2 | Noticed Sojobo
 36959 | Vaults:2 | Killed Sojobo
 37216 | Vaults:1 | Reached skill level 15 in Short Blades
 37569 | Vaults:1 | Reached XP level 22. HP: 120/120 MP: 37/37
 37645 | Vaults:1 | Found a portal to a secret trove of treasure.
 38575 | Vaults:3 | Reached skill level 15 in Fighting
 39708 | Vaults:4 | Noticed Boris
 39714 | Vaults:4 | Killed Boris
 39953 | Vaults:4 | Reached XP level 23. HP: 131/131 MP: 38/38
 40811 | Depths:2 | Found Ompuahal's General Store.
 41307 | Depths:2 | Found a one-way gate leading to the halls of Pandemonium.
 41665 | Depths:3 | Found a large runed translucent door.
 41673 | Depths:3 | Found a large runed translucent door.
 41786 | Depths:3 | You are sucked into a shaft and drop 1 floor!
 41786 | Depths:4 | Entered Level 4 of the Depths
 42183 | Depths:3 | Found a large runed translucent door.
 42184 | Depths:3 | Noticed a caustic shrike
 42186 | Depths:3 | Found a large runed translucent door.
 42187 | Depths:3 | Found a large runed translucent door.
 42188 | Depths:3 | Found a large runed translucent door.
 42353 | Depths:3 | Reached skill level 21 in Invocations
 42549 | Depths:3 | Found a large runed translucent door.
 42554 | Depths:3 | Found a large runed translucent door.
 42760 | Depths:3 | Reached XP level 24. HP: 142/145 MP: 37/38
 42999 | Depths:4 | Found a gate to the Realm of Zot.
 43820 | Elf:3    | Entered Level 3 of the Elven Halls
 44243 | Elf:3    | Reached skill level 22 in Invocations
 44339 | Elf:3    | Identified the ring "Zeack" {rN+ Int+5}
 44343 | Elf:3    | Identified the +4 falchion of Crusades {freeze, +Blink
                  | Int+2 Dex-4}
 44737 | Elf:3    | Identified 2 scrolls of acquirement
 44738 | Elf:3    | Acquired a manual of Evocations
 44739 | Elf:3    | Acquired the +4 hat of Happy Babbling {Harm rElec rPois
                  | Int-5}
 45258 | Slime:1  | Entered Level 1 of the Pits of Slime
 45262 | Slime:1  | Gained mutation: Armour fits poorly on your strangely
                  | shaped body. [a shining eye]
 45265 | Slime:1  | Gained mutation: You are frail. (-10% HP) [a shining eye]
 45456 | Slime:2  | Paralysed by a floating eye for 4 turns
 45808 | Elf:3    | Lost mutation: You are frail. (-10% HP) [potion of
                  | mutation]
 45808 | Elf:3    | Lost mutation: Armour fits poorly on your strangely shaped
                  | body. [potion of mutation]
 45808 | Elf:3    | Gained mutation: You have a pair of small horns on your
                  | head. [potion of mutation]
 46040 | D:5      | Killed Ijyb
 46074 | D:5      | Killed Menkaure
 46092 | D:5      | Lost mutation: You have a pair of small horns on your head.
                  | [potion of mutation]
 46092 | D:5      | Gained mutation: You are frail. (-10% HP) [potion of
                  | mutation]
 46092 | D:5      | Gained mutation: You expend magic power (3 MP) to
                  | strengthen your wands. [potion of mutation]
 46092 | D:5      | Gained mutation: Your magical capacity is low. (-10% MP)
                  | [potion of mutation]
 46093 | D:5      | Lost mutation: You expend magic power (3 MP) to strengthen
                  | your wands. [potion of mutation]
 46093 | D:5      | Lost mutation: You are frail. (-10% HP) [potion of
                  | mutation]
 46093 | D:5      | Lost mutation: Your magical capacity is low. (-10% MP)
                  | [potion of mutation]
 46093 | D:5      | Gained mutation: You are strong-willed. (Will+) [potion of
                  | mutation]
 46093 | D:5      | Gained mutation: You occasionally lose the ability to drink
                  | potions when taking damage. [potion of mutation]
 46448 | Slime:4  | Reached skill level 10 in Evocations
 46532 | Slime:4  | Gained mutation: You are clumsy. (Dex -2) [a shining eye]
 46588 | Slime:4  | Noticed Dissolution
 46598 | Slime:4  | Killed Dissolution
 46990 | Slime:5  | Entered Level 5 of the Pits of Slime
 47028 | Slime:5  | Gained mutation: You occasionally lose the ability to read
                  | scrolls when taking damage. [a shining eye]
 47029 | Slime:5  | Gained mutation: Your body sometimes deteriorates upon
                  | taking damage. [a shining eye]
 47294 | Slime:5  | Found a viscous altar of Jiyva.
 47316 | Slime:5  | Found the +10 Black Knight's barding {ponderous, rPois rN+}
 47366 | Slime:5  | Noticed the Royal Jelly
 47380 | Slime:5  | Killed the Royal Jelly
 47381 | Slime:5  | Reached skill level 23 in Invocations
 47527 | Slime:5  | Got the Compendium of the Serac
 47532 | Slime:5  | Identified the +1 sling "Hinuxob" {elec, Will++}
 47533 | Slime:5  | Identified the +1 leather armour "Tyveluenti" {Harm Str+5
                  | Slay-2 SInv}
 47558 | Slime:5  | Got Sif Muna's Compilation of Combat Magic and the Coals
 47567 | Slime:5  | Got a slimy rune of Zot
 47568 | Slime:5  | Identified the +1 demon blade "Qihykuyrui" {antimagic,
                  | rPois Str+3 Int-4 Stlth+}
 47608 | Slime:5  | Identified the +2 pair of boots of Hedonism {Will+ rCorr
                  | Int+3}
 48103 | Zot:1    | Entered Level 1 of the Realm of Zot
 48120 | Zot:1    | Reached XP level 25. HP: 129/145 MP: 39/39
 48468 | Zot:1    | Lost mutation: You occasionally lose the ability to drink
                  | potions when taking damage. [potion of mutation]
 48468 | Zot:1    | Lost mutation: You occasionally lose the ability to read
                  | scrolls when taking damage. [potion of mutation]
 48468 | Zot:1    | Lost mutation: You are clumsy. (Dex -2) [potion of
                  | mutation]
 48468 | Zot:1    | Gained mutation: You are highly strong-willed. (Will++)
                  | [potion of mutation]
 48820 | Zot:1    | Found a huge runed gate.
 48820 | Zot:1    | Found a huge runed gate.
 48820 | Zot:1    | Found a huge runed gate.
 48853 | Zot:1    | Found a huge runed gate.
 48853 | Zot:1    | Found a huge runed gate.
 48853 | Zot:1    | Found a huge runed gate.
 48853 | Zot:1    | Found a huge runed gate.
 48856 | Zot:1    | Found a huge runed gate.
 48857 | Zot:1    | Found a huge runed gate.
 48858 | Zot:1    | Found a huge runed gate.
 48861 | Zot:1    | Found a huge runed gate.
 48861 | Zot:1    | Found a huge runed gate.
 48861 | Zot:1    | Found a huge runed gate.
 48861 | Zot:1    | Found a huge runed gate.
 48861 | Zot:1    | Found a huge runed gate.
 48861 | Zot:1    | Found a huge runed gate.
 48862 | Zot:1    | Found a huge runed gate.
 48863 | Zot:1    | Found a huge runed gate.
 48864 | Zot:1    | Found a huge runed gate.
 48872 | Zot:1    | Found a huge runed gate.
 48872 | Zot:1    | Found a huge runed gate.
 48872 | Zot:1    | Found a huge runed gate.
 48872 | Zot:1    | Found a huge runed gate.
 48872 | Zot:1    | Found a huge runed gate.
 48872 | Zot:1    | Found a huge runed gate.
 48873 | Zot:1    | Found a huge runed gate.
 49325 | Shoals:2 | Bought a manual of Shields for 1280 gold pieces
 49996 | Zot:1    | Found a huge runed gate.
 49996 | Zot:1    | Found a huge runed gate.
 49997 | Zot:1    | Found a huge runed gate.
 49998 | Zot:1    | Found a huge runed gate.
 49999 | Zot:1    | Found a huge runed gate.
 50000 | Zot:1    | Found a huge runed gate.
 50001 | Zot:1    | Found a huge runed gate.
 50002 | Zot:1    | Found a huge runed gate.
 50003 | Zot:1    | Found a huge runed gate.
 50011 | Zot:1    | Found a huge runed gate.
 50449 | Zot:2    | Reached skill level 10 in Shields
 51130 | Zot:3    | Noticed an orb of fire
 51250 | Zot:4    | Identified the +1 sling of Reasonable Defence {heavy, MP+9
                  | Int+2}
 52093 | Zot:4    | Reached XP level 26. HP: 155/155 MP: 39/39
 52451 | Zot:5    | Entered Level 5 of the Realm of Zot
 53113 | Zot:5    | Reached skill level 15 in Armour
 53181 | Zot:5    | Noticed a dread lich
 53184 | Zot:5    | Noticed an orb of fire
 53189 | Zot:5    | Noticed an orb of fire
 53190 | Zot:5    | Killed an orb of fire
 53190 | Zot:5    | Noticed an ancient lich
 53190 | Zot:5    | Noticed a Killer Klown
 53190 | Zot:5    | Noticed a Killer Klown
 53191 | Zot:5    | Noticed an orb of fire
 53195 | Zot:5    | Noticed a Killer Klown
 53196 | Zot:5    | Noticed a Killer Klown
 53214 | Zot:4    | Killed an orb of fire
 53258 | Zot:5    | Noticed a Killer Klown
 53259 | Zot:5    | Gained mutation: You are frail. (-10% HP) [an orb of fire]
 53261 | Zot:5    | Noticed a Killer Klown
 53263 | Zot:5    | Killed an ancient lich
 53263 | Zot:5    | Killed a dread lich
 53263 | Zot:5    | Gained mutation: Armour fits poorly on your strangely
                  | shaped body. [an orb of fire]
 53268 | Zot:5    | Noticed a Killer Klown
 53270 | Zot:5    | Gained mutation: You occasionally lose the ability to read
                  | scrolls when taking damage. [an orb of fire]
 53270 | Zot:5    | Killed a Killer Klown
 53274 | Zot:4    | Killed an orb of fire
 53286 | Zot:4    | Killed a Killer Klown
 53386 | Zot:5    | Killed a Killer Klown
 53406 | Zot:5    | Killed a Killer Klown
 53481 | Zot:5    | Killed a Killer Klown
 53505 | Zot:5    | Noticed a Killer Klown
 53506 | Zot:5    | Noticed an ancient lich
 53512 | Zot:5    | Noticed a Killer Klown
 53523 | Zot:4    | Killed an ancient lich
 53563 | Zot:4    | Killed a Killer Klown
 53572 | Zot:5    | Killed a Killer Klown
 53772 | Zot:5    | Killed a Killer Klown
 53798 | Zot:5    | Noticed a Killer Klown
 53811 | Zot:5    | Killed a Killer Klown
 53832 | Zot:5    | Killed a Killer Klown
 54419 | Zot:5    | Reached XP level 27. HP: 143/143 MP: 39/39
 54494 | Zot:5    | Lost mutation: You are highly strong-willed. (Will++)
                  | [potion of mutation]
 54494 | Zot:5    | Lost mutation: Armour fits poorly on your strangely shaped
                  | body. [potion of mutation]
 54494 | Zot:5    | Lost mutation: You are strong-willed. (Will+) [potion of
                  | mutation]
 54494 | Zot:5    | Gained mutation: You expend magic power (3 MP) to
                  | strengthen your wands. [potion of mutation]
 54494 | Zot:5    | Gained mutation: You possess an exceptional clarity of
                  | mind. [potion of mutation]
 54494 | Zot:5    | Gained mutation: You have a pair of small horns on your
                  | head. [potion of mutation]
 54495 | Zot:5    | Lost mutation: You have a pair of small horns on your head.
                  | [potion of mutation]
 54495 | Zot:5    | Lost mutation: You possess an exceptional clarity of mind.
                  | [potion of mutation]
 54495 | Zot:5    | Lost mutation: You occasionally lose the ability to read
                  | scrolls when taking damage. [potion of mutation]
 54495 | Zot:5    | Gained mutation: You are covered in fur. (AC +1) [potion of
                  | mutation]
 54495 | Zot:5    | Gained mutation: You are partially covered in iridescent
                  | scales. (AC +2) [potion of mutation]
 54496 | Zot:5    | Lost mutation: Your body sometimes deteriorates upon taking
                  | damage. [potion of mutation]
 54496 | Zot:5    | Lost mutation: You are covered in fur. (AC +1) [potion of
                  | mutation]
 54496 | Zot:5    | Gained mutation: You are weak. (Str -2) [potion of
                  | mutation]
 54496 | Zot:5    | Gained mutation: You are dopey. (Int -2) [potion of
                  | mutation]
 54496 | Zot:5    | Gained mutation: You occasionally lose the ability to drink
                  | potions when taking damage. [potion of mutation]
 54496 | Zot:5    | Gained mutation: Your system is resistant to poisons.
                  | (rPois) [potion of mutation]
 54497 | Zot:5    | Lost mutation: You are dopey. (Int -2) [potion of mutation]
 54497 | Zot:5    | Lost mutation: You are frail. (-10% HP) [potion of
                  | mutation]
 54497 | Zot:5    | Gained mutation: Your spells are a little easier to cast,
                  | but a little less powerful. [potion of mutation]
 54497 | Zot:5    | Gained mutation: You are robust. (+10% HP) [potion of
                  | mutation]
 54497 | Zot:5    | Lost mutation: Your system is resistant to poisons. (rPois)
                  | [potion of mutation]
 54556 | Zot:5    | Got the Orb of Zot
 55181 | D:$      | Escaped with the Orb!

Illustrated notes

Levels and vault maps discovered:
D:1:      evilmike_arrival_rings, layout_loops_ring,
          hellmonk_ecumenical_altar_watching_god
D:2:      layout_loops_ring, grunt_decor_junction, minmay_cut_off
D:3:      layout_rooms, minmay_misc_feat_diagonals
D:4:      minmay_chambers_of_twos, layout_rooms,
          minmay_temple_entry_statues_fountains
D:5:      layout_cave_pools, okawaru_metal_pillars_1_2,
          cheibrodos_sewer_entry_bend, uniq_ijyb, uniq_menkaure
D:6:      layout_basic
D:7:      layout_basic, nicolae_zen_rock_garden
D:8:      layout_rooms, nzn_wu_jian_council_hall, nicolae_specific_store
D:9:      minmay_bubble_buster, layout_gridville, lair_entry_dummy, uniq_grum
D:10:     layout_irregular_city, mainiacjoe_overflow_divided_tiny, orc_david_3,
          dk_noncrumbling_3, kennysheep_big_empty_room,
          hangedman_abyss_or_decor_passed, nicolae_take_the_stairs, uniq_maggie,
          uniq_fannar
D:11:     layout_gridville, serial_shops, shop, gammafunk_ghost_cemetery,
          onia_ninara_cookie, uniq_psyche
D:12:     layout_stronghold, zin_scriptorium
D:13:     lemuel_troll_bridge, layout_basic, david_vaults_1, uniq_josephine
D:14:     layout_grid_maze, kennysheep_crisscross
D:15:     grunt_enter_depths_hoard, layout_loops_cross,
          hangedman_decor_diamond_cutter, gauntlet_entry_generic,
          nrook_guardian_serpent_double
Temple:   regret_index_temple_mists
Lair:1:   layout_misc_corridors, uniq_gastronok
Lair:2:   lemuel_reptile_caves, layout_chaotic_city, nicolae_shoals_entry_roost,
          portal_ice_cave_demonic_guard, st_stairs_4, bh_autumn_forest_stairs
Lair:3:   layout_regular_city, minmay_snake_entry_guardpost_medium
Lair:4:   layout_cave_pods, nicolae_slime_entry_field_trip
Lair:5:   due_jungle_book, layout_concentric_octagons, lemuel_fruit_tree,
          grunt_megastairs_2
Shoals:1: layout_shoals
Shoals:2: layout_shoals, serial_shops, nicolae_shop_hallway_plus,
          lemuel_oklob_altar
Shoals:3: layout_shoals, nicolae_shoals_water_booths
Shoals:4: shoals_end_hellmonk_storm_palace [storm_palace_center_ruins,
          storm_palace_corner_reverse_hut, storm_palace_corner_altar,
          storm_palace_corner_grid, storm_palace_corner_blocked]
Snake:1:  layout_onion
Snake:2:  layout_misc_corridors, serial_bayou_pond_a, serial_bayou_shore_b
Snake:3:  layout_misc_corridors
Snake:4:  minmay_snake_end_coiled, layout_gridlike, basic_altar,
          nicolae_fountain_basement, minmay_shop_grove, uniq_aizul,
          uniq_vashnia, uniq_donald
Slime:1:  layout_caves
Slime:2:  layout_caves
Slime:3:  layout_caves
Slime:4:  nicolae_slime_pool, layout_caves, nicolae_slime_getting_an_eyeful,
          uniq_dissolution
Slime:5
Orc:1:    layout_caves, serial_shops, nicolae_shop_waterfront
Orc:2:    kennysheep_orc_mage_school, layout_caves, serial_shops, shop,
          lightli_church_of_beogh
Elf:1:    minmay_elf_arrival_plus, layout_loops_cross, serial_shops,
          nicolae_shop_bloodbath_and_beyond, serial_sigils,
          serial_sigils_hangedman_gut, serial_sigils_hangedman_quiver,
          serial_sigils_hangedman_carve, st_stairs_14, uniq_agnes
Elf:2:    nicolae_elf_blades_crystal_corner, layout_gridlike, serial_shops,
          shop, shop, nicolae_nh_oracle_at_delphi
Elf:3:    minmay_elf_hall_quartered_circle, layout_geoelf_diagonals
Vaults:1: nicolae_vaults_border_crossing, ontoclasm_vaults_eye,
          nicolae_vaults_stairing_the_circle, nicolae_vaults_bisected_inception,
          v_misc_19, nicolae_vaults_mini_display_case, vaults_room_large_hall,
          dpeg_vaults_hating_casters, vaults_room_ringed_pool, v_misc_23,
          v_misc_12, hangedman_vaults_impose, hangedman_vaults_impose,
          layout_vaults_omnibox, enter_trove_3
Vaults:2: grunt_vaults_diagonal, grunt_vaults_swirl,
          minmay_crypt_entry_simple_statues, v_misc_30, hangedman_vaults_snaps,
          hangedman_vaults_stagger, v_misc_23, v_pattern_5, v_misc_19,
          nicolae_vaults_little_squares_3, nicolae_vaults_little_squares_3,
          v_misc_30, sword_in_stone, layout_vaults_ring, serial_glass,
          uniq_sojobo
Vaults:3: nicolae_vaults_network_quincunx
          [nicolae_vaults_network_quincunx_subvault,
          nicolae_vaults_network_quincunx_subvault,
          nicolae_vaults_network_quincunx_subvault,
          nicolae_vaults_network_quincunx_subvault,
          nicolae_vaults_network_quincunx_subvault],
          ontoclasm_vaults_decontamination, vaults_dpeg_diagonal, st_star,
          v_misc_1, v_misc_30, vaults_mumra_hex, layout_vaults_omnigrid
Vaults:4: vaults_room_grunt_arrival_ludios, st_cross, v_misc_32,
          nicolae_vaults_ring_of_whatevers, v_misc_5, ontoclasm_vaults_gateway,
          vaults_room_door_hall, layout_vaults_big_room, uniq_boris
Depths:1: layout_gridville, enter_ziggurat_f, hellmouth_3, abyss_entry,
          minmay_pinched_square, kennysheep_random_hallway
Depths:2: kennysheep_bubbly, layout_cave_pools, abyss_entry_glasseish,
          serial_shops, nicolae_shop_hallway_stairs, serial_bayou_pond_b,
          pan_entry, hell_entry, kennysheep_generic_room_4,
          infiniplex_staircase_star
Depths:3: minmay_five_octagons, layout_basic, pf_hell_entry_tar_spiral,
          pan_entry, minmay_holes, minmay_room_of_horrors
Depths:4: evilmike_zot_entry_basic, layout_honeycomb, serial_glass,
          glass_columns_a, glass_columns_b, glass_columns_a, glass_columns_c,
          hell_entry
Zot:1:    layout_gridlike, not_door_vault_mu, st_stairs_10, grunt_megastairs_4
Zot:2:    layout_onion_interference, zot_minivault_3
Zot:3:    layout_cellular_growth, drop_trap
Zot:4:    layout_cellular_growth, grunt_megastairs_3
Zot:5:    layout_twisted_circle, lemuel_baited_zot_trap, skrybe_zot_glass_1

Skill      XL: |  1  2  3  4  5  6  7  8  9 10 11 12 13 14 15 16 17 18 19 20 21 22 23 24 25 26 27 |
---------------+----------------------------------------------------------------------------------+-----
Stealth        | 2 3 4 9 10 | 10.0
Short Blades   | 3 4 5 6 7 10 15 16 | 16.0
Fighting       | 2 8 9 10 11 14 17 21 | 21.0
Dodging        | 6 7 8 10 | 10.1
Invocations    | 9 10 14 15 16 20 21 23 | 23.8
Evocations     | 6 7 13 | 13.2
Throwing       | 6 12 | 12.0
Shields        | 8 14 | 14.4
Armour         | 6 12 13 17 18 | 18.0

Action                     |  1- 3 |  4- 6 |  7- 9 | 10-12 | 13-15 | 16-18 | 19-21 | 22-24 | 25-27 || total
---------------------------+-------+-------+-------+-------+-------+-------+-------+-------+-------++-------
  Melee: Rapier            |    93 |    65 |       |       |       |       |   385 |  1352 |   900 ||  2795
         Bite              |    13 |    23 |    52 |   165 |   432 |   807 |   789 |   814 |   532 ||  3627
         Punch             |     1 |     1 |     2 |     6 |    17 |       |       |       |       ||    27
         Short sword       |       |    39 |   226 |   462 |   882 |  1769 |  1160 |       |       ||  4538
         Headbutt          |       |       |       |       |       |       |       |     3 |       ||     3
  Throw: Dart              |       |       |     1 |       |       |       |       |       |       ||     1
         Javelin           |       |       |       |       |     1 |     4 |       |    10 |     2 ||    17
         Throwing net      |       |       |       |       |       |     1 |       |     1 |       ||     2
         Boomerang         |       |       |       |       |       |       |    10 |    58 |    51 ||   119
 Invoke: Line Pass         |       |     1 |     5 |     7 |    11 |     6 |     6 |       |     4 ||    40
         Grand Finale      |       |       |       |     2 |       |     8 |    10 |    14 |     8 ||    42
  Evoke: Wand              |       |       |     6 |     1 |     1 |     8 |    23 |     7 |     7 ||    53
         Phial of floods   |       |       |       |       |       |     1 |       |       |       ||     1
         Box of beasts     |       |       |       |       |       |     1 |       |       |       ||     1
         Condenser vane    |       |       |       |       |       |       |       |     1 |     4 ||     5
         Phantom mirror    |       |       |       |       |       |       |       |       |     1 ||     1
    Use: Scroll            |       |    12 |     9 |     8 |     5 |     9 |    11 |    10 |    12 ||    76
         Potion            |       |       |     4 |     1 |     2 |     1 |       |     4 |     6 ||    18
   Stab: Sleeping          |    10 |    12 |    15 |    23 |    34 |     6 |       |       |       ||   100
         Distracted        |     1 |       |     1 |     2 |     4 |       |       |       |       ||     8
         Paralysed         |       |       |    11 |    28 |    51 |   132 |   118 |   133 |    78 ||   551
         Confused          |       |       |     5 |     8 |     9 |     4 |     5 |       |     2 ||    33
         Invisible         |       |       |       |       |       |     1 |       |       |       ||     1
         Held in net/web   |       |       |       |       |       |     1 |       |     2 |       ||     3
 Armour: Leather armour    |    21 |    15 |    42 |     5 |       |       |       |       |       ||    83
         Robe              |       |       |       |    39 |     1 |       |       |       |       ||    40
         Troll leather arm |       |       |       |     7 |    92 |    24 |       |       |       ||   123
         Crystal plate arm |       |       |       |       |       |   327 |   275 |       |       ||   602
         Gold dragon scale |       |       |       |       |       |       |    77 |   247 |   203 ||   527
  Dodge: Dodged            |    61 |    49 |   106 |   162 |   293 |   502 |   435 |   381 |   273 ||  2262
         Repelled          |       |       |       |     3 |       |       |       |       |       ||     3
  Block: Buckler           |       |       |       |       |    33 |   393 |   348 |   255 |   172 ||  1201

Table legend: (Time is in decaauts)
 A = Elapsed time spent in this place.
 B = Non-inter-level travel time spent in this place.
 C = Inter-level travel time spent in this place.
 D = Time resting spent in this place.
 E = Time spent auto-exploring this place.
 F = Levels seen in this place.
 G = Mean time per level.
                   A        B        C        D        E       F      G
               +--------+--------+--------+--------+--------+-----+--------+
         Total |  50760 |  42707 |   8053 |   1789 |  29550 |  55 |  922.9 |
       Dungeon |  15012 |  11736 |   3276 |    158 |   9102 |  15 | 1000.8 |
        Temple |    251 |    180 |     71 |      0 |    156 |   1 |  251.0 |
          Lair |   5569 |   4382 |   1187 |     69 |   3125 |   5 | 1113.8 |
        Shoals |   4036 |   3229 |    807 |    118 |   2237 |   4 | 1009.0 |
     Snake Pit |   3974 |   3603 |    371 |    234 |   2010 |   4 |  993.5 |
    Slime Pits |   1615 |   1503 |    112 |    166 |    751 |   5 |  323.0 |
  Orcish Mines |   1819 |   1335 |    484 |      0 |    979 |   2 |  909.5 |
   Elven Halls |   3491 |   3007 |    484 |    287 |   1821 |   3 | 1163.7 |
        Vaults |   4283 |   4047 |    236 |    233 |   3110 |   4 | 1070.8 |
        Depths |   3926 |   3266 |    660 |     96 |   2296 |   4 |  981.5 |
           Zot |   5173 |   4813 |    360 |    383 |   3106 |   5 | 1034.6 |
         Sewer |    721 |    721 |      0 |      8 |    439 |   1 |  721.0 |
      Ice Cave |    483 |    483 |      0 |     36 |    184 |   1 |  483.0 |
      Gauntlet |    400 |    400 |      0 |      0 |    231 |   1 |  400.0 |
               +--------+--------+--------+--------+--------+-----+--------+

Top non-repeatable levels by time:
    D:14: 1606 daAuts
   Zot:5: 1569 daAuts
   Zot:4: 1569 daAuts
  Lair:5: 1434 daAuts
 Snake:4: 1421 daAuts
   Elf:2: 1412 daAuts
    D:11: 1381 daAuts
  Lair:2: 1338 daAuts
     D:9: 1334 daAuts
     D:7: 1308 daAuts
   Orc:2: 1284 daAuts
   Zot:1: 1211 daAuts
Depths:1: 1200 daAuts
    D:12: 1166 daAuts
Vaults:3: 1143 daAuts
